[Event "Early-Titled-Tuesday-Blitz-February-27-2024"]
[Site "Chess.com"]
[Date "2024.02.27"]
[Round "10"]
[White "BardArtem"]
[Black "Fluffey"]
[Result "1-0"]
[WhiteElo "2730"]
[BlackElo "2514"]
[TimeControl "180+1"]
[EndTime "9:51:32 PST"]
[Termination "BardArtem won by resignation"]

1. d4 Nf6 2. c4 b6 3. Nc3 Bb7 4. Bg5 h6 5. Bh4 g5 6. Bg3 Bg7 7. e3 c5 8. d5 d6 9. h4 Nbd7 10. hxg5 hxg5 11. Rxh8+ Bxh8 12. Nf3 g4 13. Nh2 Bc8 14.
Nxg4 Nxg4 15. Qxg4 Bxc3+ 16. bxc3 Nf6 17. Qh4 Bf5 18. f3 Kd7 19. e4 Bg6 20. Kf2 b5 21.
cxb5 Qa5 22. Kg1 Qxc3 23. Rd1 Qc2 24. Re1 Qxa2 25. e5 Nxd5 26. exd6 e6 27. Bc4 Qd2 28.
Bxd5 1-0

[Event "Early-Titled-Tuesday-Blitz-February-27-2024"]
[Site "Chess.com"]
[Date "2024.02.27"]
[Round "10"]
[White "rhwr"]
[Black "joksijoksi"]
[Result "0-1"]
[WhiteElo "2298"]
[BlackElo "2481"]
[TimeControl "180+1"]
[EndTime "9:51:33 PST"]
[Termination "joksijoksi won by checkmate"]

1. c4 Nf6 2. Nc3 g6 3. g3 Bg7 4. Bg2 O-O 5. Nf3 e5 6. d3 d6 7. O-O c6 8. Rb1 a5 9. a3 Nbd7 10.
b4 axb4 11. axb4 d5 12. Qb3 d4 13. Ne4 Nxe4 14. dxe4 b5 15. c5 Re8 16. Bg5 Qc7 17. e3 Nf8 18. exd4 exd4 19. Bf4 Qa7 20. e5 Be6 21. Qb2 d3 22. Nd4 Bf5 23. Nxc6 Qa2 24. Qd4 Ne6 25. Qd7 Nxf4 26. Ne7+ Rxe7 27. Qxe7 Nxg2 28.
Kxg2 Qd5+ 29. f3 Bxe5 30. c6 Ra2+ 31. Rf2 Rxf2+ 32. Kxf2 Qa2+ 33. Ke3 Qe2# 0-1

[Event "Early-Titled-Tuesday-Blitz-February-27-2024"]
[Site "Chess.com"]
[Date "2024.02.27"]
[Round "10"]
[White "Grandmaster1369"]
[Black "Casper"]
[Result "1-0"]
[WhiteElo "2762"]
[BlackElo "2553"]
[TimeControl "180+1"]
[EndTime "9:51:43 PST"]
[Termination "Grandmaster1369 won by resignation"]

1. e4 g6 2. d4 Bg7 3. Nc3 d6 4. Be3 a6 5. Qd2 Nd7 6. Nf3 b5 7. h3 c5 8. Be2 Ngf6 9. e5 b4 10. exf6 bxc3 11. Qxc3 Bxf6 12. O-O O-O 13. Qd2 Rb8 14.
Rab1 Bb7 15. Rfd1 Qb6 16. dxc5 Nxc5 17. b4 Ne4 18. Bxb6 Nxd2 19. Nxd2 Bxg2 20. Kxg2 Rxb6 21. Nc4 Rc6 22. Ne3 Rfc8 23. c4 e6 24. b5 1-0

[Event "Early-Titled-Tuesday-Blitz-February-27-2024"]
[Site "Chess.com"]
[Date "2024.02.27"]
[Round "10"]
[White "rcmz"]
[Black "HittingRookBottom"]
[Result "1-0"]
[WhiteElo "2196"]
[BlackElo "2018"]
[TimeControl "180+1"]
[EndTime "9:52:01 PST"]
[Termination "rcmz won by resignation"]

1. b4 c6 2. Bb2 d5 3. a3 Bf5 4. e3 Nd7 5. f4 Ngf6 6. Nf3 e6 7. Be2 Bd6 8. O-O Qc7 9. c4 h6 10. c5 Be7 11. Ne5 g5 12. Nxd7 Nxd7 13. Bxh8 O-O-O 14. Be5 Nxe5 15. fxe5 Qxe5 16. Nc3 g4 17. Bxg4 Rg8 18.
Bxf5 exf5 19. Qf3 d4 20. Qxf5+ Qxf5 21. Rxf5 dxc3 22. dxc3 f6 23. Rd1 Rg4 24. Rf4 Rg5 25. Kf2 Re5 26. Kf3 f5 27. e4 fxe4+ 28. Rxe4 Rf5+ 29. Ke2 Bg5 30. h4 Bf6 31. g4 Rd5 32. Rxd5 cxd5 33. Re6 Bxc3 34. Rxh6 Bb2 35. a4 Ba3 36. b5 Bxc5 37. Kd3 Bf2 38. Rh7 a6 39. g5 axb5 40. axb5 b6 41. h5 Kd8 42. g6 Ke8 43. Rb7 Kf8 44. Rf7+ Kg8 45. Rxf2 1-0

[Event "Early-Titled-Tuesday-Blitz-February-27-2024"]
[Site "Chess.com"]
[Date "2024.02.27"]
[Round "10"]
[White "InitiatingASC"]
[Black "Viacheslav92"]
[Result "0-1"]
[WhiteElo "2358"]
[BlackElo "2532"]
[TimeControl "180+1"]
[EndTime "9:52:07 PST"]
[Termination "Viacheslav92 won by resignation"]

1. Nf3 Nf6 2. b3 b6 3. Bb2 Bb7 4. e3 g6 5. c4 Bg7 6. Be2 Bxf3 7. Bxf3 c6 8. O-O O-O 9. d3 d5 10. cxd5 cxd5 11. Nd2 e6 12. Rc1 Qd7 13. Qc2 Na6 14. a3 Rfc8 15. Qb1 Nc5 16. Be2 Rc7 17. Be5 Rcc8 18.
Qb2 Ne8 19. Bxg7 Nxg7 20. d4 Ne4 21. Nxe4 dxe4 22. Ba6 Rxc1 23. Rxc1 Nf5 24. Qc2 Qe7 25. Qxe4 Rd8 26. b4 h5 27. Qb7 Qg5 28. Qxa7 Nxe3 29. g3 Nd5 30. Rc8 Rxc8 31. Bxc8 Qc1+ 32. Kg2 Qxc8 0-1

[Event "Early-Titled-Tuesday-Blitz-February-27-2024"]
[Site "Chess.com"]
[Date "2024.02.27"]
[Round "10"]
[White "ValentinDragnev"]
[Black "Winner_7777"]
[Result "0-1"]
[WhiteElo "2722"]
[BlackElo "2577"]
[TimeControl "180+1"]
[EndTime "9:52:10 PST"]
[Termination "Winner_7777 won by resignation"]

1. b3 e5 2. Bb2 Nc6 3. e3 d5 4. Bb5 Bd6 5. f4 f6 6. Qh5+ g6 7. Qe2 Qe7 8. fxe5 fxe5 9. c4 Nf6 10. Nc3 a6 11. Ba4 d4 12. exd4 exd4 13. Qxe7+ Kxe7 14. Nce2 Nb4 15. O-O-O Bf5 16. Bxd4 Nd3+ 17. Kb1 Nf2+ 18. Kc1 Ba3+ 0-1

[Event "Early-Titled-Tuesday-Blitz-February-27-2024"]
[Site "Chess.com"]
[Date "2024.02.27"]
[Round "10"]
[White "davigator"]
[Black "Vesapesa"]
[Result "1/2-1/2"]
[WhiteElo "2385"]
[BlackElo "2234"]
[TimeControl "180+1"]
[EndTime "9:52:12 PST"]
[Termination "Game drawn by repetition"]

1. e4 e5 2. Nf3 Nc6 3. Bc4 Bc5 4. c3 Nf6 5. d3 a6 6. O-O Ba7 7. a4 d6 8. Bg5 O-O 9. Nbd2 h6 10. Bh4 Be6 11. b4 Qe7 12. Qe2 Bxc4 13. Nxc4 Qe6 14. b5 axb5 15. axb5 Ne7 16. b6 Bxb6 17.
Nxb6 cxb6 18. Qb2 d5 19. Bxf6 Qxf6 20. Rfb1 Rxa1 21. Rxa1 Rc8 22. h3 dxe4 23. dxe4 Rc6 24.
Ra8+ Kh7 25. Re8 Ng6 26. Qb3 Qf4 27. Rd8 Qc1+ 28. Rd1 Qf4 29. Rd7 Qc1+ 30. Kh2 Qf4+ 31. Kg1 Qc1+ 32. Kh2 Qf4+ 33. Kg1 1/2-1/2

[Event "Early-Titled-Tuesday-Blitz-February-27-2024"]
[Site "Chess.com"]
[Date "2024.02.27"]
[Round "10"]
[White "phantom19801127"]
[Black "Goryachkina"]
[Result "0-1"]
[WhiteElo "2537"]
[BlackElo "2689"]
[TimeControl "180+1"]
[EndTime "9:52:20 PST"]
[Termination "Goryachkina won by resignation"]

1. d4 Nf6 2. c4 e6 3. Nf3 d5 4.
Nc3 dxc4 5. e3 a6 6. a4 c5 7.
Bxc4 Nc6 8. O-O Be7 9. Qe2 cxd4 10. Rd1 O-O 11. exd4 Nb4 12. Bg5 a5 13. Bxf6 Bxf6 14.
d5 exd5 15. Nxd5 Nxd5 16. Bxd5 Qb6 17. Ra3 Qxb2 18. Qxb2 Bxb2 19. Rb3 Bf6 20. Bxb7 Bxb7 21. Rxb7 h6 22. g3 Rfb8 23. Rdb1 Rxb7 24. Rxb7 Rc8 25. Rb5 Bc3 26. Ne5 Re8 27. Nc4 Re4 28.
Nxa5 Rxa4 29. Nb3 Ra2 30. Kf1 Rb2 31. Nd4 Bxd4 0-1

[Event "Early-Titled-Tuesday-Blitz-February-27-2024"]
[Site "Chess.com"]
[Date "2024.02.27"]
[Round "10"]
[White "Supergiuly"]
[Black "Fernando_Offermann"]
[Result "1-0"]
[WhiteElo "2358"]
[BlackElo "2470"]
[TimeControl "180+1"]
[EndTime "9:52:27 PST"]
[Termination "Supergiuly won by resignation"]

1. e4 c5 2. g3 g6 3. Bg2 Bg7 4. Ne2 Nc6 5. c3 e5 6. O-O Nge7 7. Na3 O-O 8. Nc4 d6 9. Ne3 Be6 10. d3 Qd7 11. f4 Rad8 12. Kh1 b6 13. a4 Bh3 14. Bxh3 Qxh3 15. f5 f6 16. Ng1 Qh5 17. g4 Qh4 18. Ng2 Qh6 19. Bxh6 Bxh6 20. Nh4 d5 21.
Qf3 dxe4 22. Qxe4 Rd6 23. fxg6 Rfd8 24. gxh7+ Kg7 25. Nf5+ Nxf5 26. Qxf5 Ne7 27. Qf2 Kxh7 28. Rad1 Kg7 29. Nf3 Bf4 30. Nh4 c4 31. d4 Rd5 32.
Ng2 Ng6 33. Qc2 Bg5 34. Rf5 Ne7 35. Rxg5+ fxg5 36. Ne3 R5d7 37. Nf5+ Nxf5 38. Qxf5 exd4 39.
Qxg5+ Kh8 40. cxd4 Rd5 41. Qf6+ Kh7 42. Re1 R8d7 43.
Re7+ Rxe7 44. Qxe7+ Kg6 45. Qe6+ 1-0

[Event "Early-Titled-Tuesday-Blitz-February-27-2024"]
[Site "Chess.com"]
[Date "2024.02.27"]
[Round "10"]
[White "JonasEilenberg"]
[Black "Flaccidmoves"]
[Result "0-1"]
[WhiteElo "2540"]
[BlackElo "2471"]
[TimeControl "180+1"]
[EndTime "9:52:28 PST"]
[Termination "Flaccidmoves won by resignation"]

1. d4 e6 2. c4 f5 3. a3 Nf6 4. Nc3 b6 5. Nf3 Bb7 6. Bf4 Be7 7. h3 O-O 8. e3 Ne4 9. Qc2 d6 10. Be2 Nd7 11. O-O-O Nxf2 12. Rhf1 Nxd1 13. Qxd1 Nf6 14. Bh2 Ne4 15. Qc2 c5 16. Bd3 Nxc3 17. bxc3 Rc8 18. Nd2 Bg5 19. Bf4 Bxf4 20. exf4 Qf6 21. g4 d5 22.
gxf5 exf5 23. Nf3 cxd4 24. Nxd4 g6 25. Qb3 Rfe8 26. Kb1 Re3 27. Rd1 Rxd3 28. Rxd3 dxc4 29. Qa2 Be4 0-1

[Event "Early-Titled-Tuesday-Blitz-February-27-2024"]
[Site "Chess.com"]
[Date "2024.02.27"]
[Round "10"]
[White "BozeKat"]
[Black "kai_nov"]
[Result "0-1"]
[WhiteElo "2151"]
[BlackElo "2323"]
[TimeControl "180+1"]
[EndTime "9:52:35 PST"]
[Termination "kai_nov won by resignation"]

1. c4 e5 2. g3 Nc6 3. Bg2 Nf6 4. Nc3 Bc5 5. e3 O-O 6. Nge2 d6 7. O-O Bg4 8. h3 Bxe2 9. Nxe2 d5 10. d4 exd4 11.
exd4 Be7 12. c5 Ne4 13. Nc3 Nxc3 14. bxc3 f5 15. Qf3 Kh8 16. Qxd5 Qe8 17. Bf4 Bf6 18. Rfe1 Qg6 19. Qc4 Bg5 20. Re6 Qh5 21. Bxg5 Qxg5 22. Bxc6 bxc6 23. Rxc6 f4 24. h4 Qg4 25. Qe6 Qf3 26. Qh3 Qxc6 0-1

[Event "Early-Titled-Tuesday-Blitz-February-27-2024"]
[Site "Chess.com"]
[Date "2024.02.27"]
[Round "10"]
[White "xasid81"]
[Black "kingofthenil"]
[Result "0-1"]
[WhiteElo "2568"]
[BlackElo "2751"]
[TimeControl "180+1"]
[EndTime "9:52:39 PST"]
[Termination "kingofthenil won by resignation"]

1. Nf3 d5 2. d4 Nf6 3. Bf4 c5 4. c3 Nh5 5. Bc1 Nc6 6. g3 Nf6 7. Bg2 cxd4 8. cxd4 Bf5 9. Nc3 e6 10. O-O h6 11. e3 Bd6 12. b3 O-O 13. Bb2 Qe7 14.
Nb5 Bb4 15. Rc1 a6 16. Nc3 Rfc8 17. Na4 Ne4 18. Nb6 Ba3 19. Nxc8 Rxc8 20. Bxa3 Qxa3 21.
Qe2 Rd8 22. Ne5 Nb4 23. Rc7 Nd6 24. Qd2 a5 25. h3 f6 26. Rd7 Rc8 27. Rxd6 Rc2 28. Rd8+ Kh7 29. Qd1 fxe5 30. dxe5 Qxa2 31. e4 dxe4 32. Qd4 Nc6 33. Qd6 Nxd8 34. Qxd8 e3 35. g4 Rxf2 36. Rxf2 Qxf2+ 37. Kh1 e2 0-1

[Event "Early-Titled-Tuesday-Blitz-February-27-2024"]
[Site "Chess.com"]
[Date "2024.02.27"]
[Round "10"]
[White "Mikhail_Bryakin"]
[Black "DefiantChair"]
[Result "0-1"]
[WhiteElo "2742"]
[BlackElo "2636"]
[TimeControl "180+1"]
[EndTime "9:52:50 PST"]
[Termination "DefiantChair won by resignation"]

1. e4 e5 2. d4 exd4 3. Qxd4 Nc6 4. Qc4 Nf6 5. Nc3 Bb4 6. Ne2 O-O 7. Bg5 d6 8. O-O-O Be6 9. Qd3 h6 10. Bh4 Ne5 11. Qd2 g5 12. Bg3 Nxe4 13. Qe3 Nxc3 14. Nxc3 Bxc3 15. Qxc3 Qf6 16. Qxc7 Rac8 17. Qxd6 Qg6 18.
Bd3 Nxd3+ 19. Qxd3 Bf5 20. Qe2 Rxc2+ 21. Qxc2 Bxc2 22. Rd6 Qh7 23. Re1 Rc8 24. Kd2 Bb1 25. Re7 Qc2+ 26. Ke3 Qc1+ 27. Rd2 Rd8 0-1

[Event "Early-Titled-Tuesday-Blitz-February-27-2024"]
[Site "Chess.com"]
[Date "2024.02.27"]
[Round "10"]
[White "CarlosjPineror"]
[Black "AniJak"]
[Result "1-0"]
[WhiteElo "2544"]
[BlackElo "2371"]
[TimeControl "180+1"]
[EndTime "9:52:51 PST"]
[Termination "CarlosjPineror won by resignation"]

1. e4 c6 2. d4 d5 3. Nc3 dxe4 4. Nxe4 Nf6 5. Nxf6+ exf6 6. Bc4 Qb6 7. c3 Bf5 8. Nf3 Nd7 9. O-O O-O-O 10. a4 Bd6 11. a5 Qc7 12. a6 b6 13. Bxf7 Bg4 14. h3 Bxf3 15. Qxf3 g5 16. Qf5 h5 17. Bd2 h4 18. Rfe1 Kb8 19. Be6 c5 20. b4 c4 21. b5 g4 22. Qxg4 f5 23. Bxf5 Nf6 24. Qf3 Rhg8 25. Re6 Rdf8 26. Rae1 Bh2+ 27. Kh1 Ne8 28.
Bh6 Ng7 29. Bxg7 Qxg7 30. Re7 1-0

[Event "Early-Titled-Tuesday-Blitz-February-27-2024"]
[Site "Chess.com"]
[Date "2024.02.27"]
[Round "10"]
[White "nindjaxx8"]
[Black "JonSnowNW1"]
[Result "1-0"]
[WhiteElo "2658"]
[BlackElo "2531"]
[TimeControl "180+1"]
[EndTime "9:52:58 PST"]
[Termination "nindjaxx8 won on time"]

1. d4 d5 2. c4 c6 3. Nc3 Nf6 4. cxd5 cxd5 5. Bf4 Nc6 6. e3 a6 7. Nf3 Bg4 8. Be2 e6 9. O-O Bd6 10. Bg3 O-O 11. Rc1 Rc8 12. Na4 Ne4 13. Bxd6 Qxd6 14. Nc5 Nxc5 15. Rxc5 Bxf3 16. Bxf3 Nb4 17. a3 Nc6 18. Qb3 Na5 19. Rxa5 1-0

[Event "Early-Titled-Tuesday-Blitz-February-27-2024"]
[Site "Chess.com"]
[Date "2024.02.27"]
[Round "10"]
[White "Happy1712Drummer"]
[Black "Klavdia_Nik"]
[Result "1-0"]
[WhiteElo "2365"]
[BlackElo "2124"]
[TimeControl "180+1"]
[EndTime "9:52:59 PST"]
[Termination "Happy1712Drummer won on time"]

1. e4 g6 2. d4 Bg7 3. Nf3 d6 4. Nc3 c6 5. Be3 Nf6 6. Qd2 Ng4 7. Bg5 h6 8. Bf4 Nd7 9. h3 Ngf6 10. e5 Nd5 11. e6 fxe6 12. Bd3 Nf8 13. Nxd5 cxd5 14.
O-O-O Qb6 15. Qe2 Bd7 16. Nh4 g5 17. Qh5+ Kd8 18. Ng6 gxf4 19. Nxh8 1-0

[Event "Early-Titled-Tuesday-Blitz-February-27-2024"]
[Site "Chess.com"]
[Date "2024.02.27"]
[Round "10"]
[White "LiadCuba"]
[Black "SashaKuzhilniy"]
[Result "0-1"]
[WhiteElo "2503"]
[BlackElo "2618"]
[TimeControl "180+1"]
[EndTime "9:53:03 PST"]
[Termination "SashaKuzhilniy won by resignation"]

1. d4 e6 2. c4 Nf6 3. Nc3 d5 4. Nf3 c6 5. Bg5 Nbd7 6. Qc2 dxc4 7. e4 b5 8. a3 h6 9. Bf4 Be7 10. Rd1 Bb7 11. Be2 O-O 12. h3 Qb6 13. O-O c5 14. d5 exd5 15. e5 Nh5 16. Bh2 d4 17.
Ne4 d3 18. Bxd3 cxd3 19. Qxd3 Rad8 20. Nd6 Bxd6 21. exd6 Bxf3 22. Qxf3 Nhf6 23. Rfe1 Rfe8 24. Re7 c4 25. Rde1 Rxe7 26. dxe7 Re8 27. Qf5 Nc5 28.
Rd1 Rxe7 29. Bf4 Nd3 30. Be3 Qe6 31. Qxb5 Ne4 32. Qb8+ Kh7 33. b3 Nexf2 34. Bxf2 Nxf2 35.
Rf1 Ne4 36. bxc4 Qb6+ 37. Qxb6 axb6 38. Rb1 Re6 39. a4 Nd2 40. Rb4 Rc6 41. c5 bxc5 42. Rb1 Nxb1 0-1

[Event "Early-Titled-Tuesday-Blitz-February-27-2024"]
[Site "Chess.com"]
[Date "2024.02.27"]
[Round "10"]
[White "NewBornNow"]
[Black "DamianoLew95"]
[Result "1-0"]
[WhiteElo "2878"]
[BlackElo "2695"]
[TimeControl "180+1"]
[EndTime "9:53:04 PST"]
[Termination "NewBornNow won by resignation"]

1. e4 c5 2. Nf3 d6 3. d4 cxd4 4. Nxd4 Nf6 5. Nc3 a6 6. Be3 e5 7.
Nf3 Be7 8. Bc4 h6 9. O-O O-O 10.
Qe2 Be6 11. Rfd1 Qc7 12. Bb3 Nbd7 13. Nh4 Nxe4 14. Nxe4 Bxh4 15. Bxe6 fxe6 16. Rxd6 Nf6 17. Nxf6+ Rxf6 18. Rad1 Raf8 19. g3 Bg5 20. Bb6 Qf7 21.
h4 Bxh4 22. gxh4 Qg6+ 23. Kf1 e4 24. Rd8 Kh7 25. Rxf8 Rxf8 26. Be3 Rf3 27. Ke1 Qg4 28. Rd7 Qxh4 29. Bd4 Qh1+ 30. Kd2 e3+ 31. fxe3 Rg3 32.
Qd3+ Kg8 33. Rd8+ Kf7 34. Qc4 Qe4 35. Qc7+ 1-0

[Event "Early-Titled-Tuesday-Blitz-February-27-2024"]
[Site "Chess.com"]
[Date "2024.02.27"]
[Round "10"]
[White "campochess"]
[Black "LileKoridze"]
[Result "0-1"]
[WhiteElo "2204"]
[BlackElo "2421"]
[TimeControl "180+1"]
[EndTime "9:53:12 PST"]
[Termination "LileKoridze won by resignation"]

1. e4 c5 2. b3 e6 3. Bb2 d5 4.
exd5 exd5 5. Bb5+ Bd7 6. Qe2+ Ne7 7. Nc3 a6 8. Bxd7+ Qxd7 9. Nf3 Nc6 10. O-O O-O-O 11.
Rfe1 Ng6 12. Na4 Kb8 13. d4 cxd4 14. Nxd4 f6 15. Nxc6+ Qxc6 16. Rac1 Bb4 17. Red1 Rhe8 18. Qh5 Nf4 19. Qf3 Ne2+ 20. Kf1 Nxc1 21. Rxc1 Qb5+ 22. Kg1 Qe2 23. Bc3 Qxf3 24. gxf3 Bxc3 25. Nxc3 d4 26. Ne4 Re5 27. Rd1 h5 28. Rd3 f5 29. c3 fxe4 30.
fxe4 Rxe4 0-1

[Event "Early-Titled-Tuesday-Blitz-February-27-2024"]
[Site "Chess.com"]
[Date "2024.02.27"]
[Round "10"]
[White "Zkid"]
[Black "Rurep26"]
[Result "1/2-1/2"]
[WhiteElo "2906"]
[BlackElo "2719"]
[TimeControl "180+1"]
[EndTime "9:53:13 PST"]
[Termination "Game drawn by repetition"]

1. e4 e6 2. d4 d5 3. Nc3 Bb4 4. e5 c5 5. a3 Bxc3+ 6. bxc3 Qc7 7. Qg4 f5 8. Qg3 Nc6 9. Nf3 cxd4 10. cxd4 Nge7 11. h4 O-O 12. h5 f4 13. Qh3 Nxd4 14.
Nxd4 Qxe5+ 15. Be3 fxe3 16. Qxe3 Qxe3+ 17. fxe3 e5 18. Nf3 e4 19. Nd4 Bg4 20. Be2 Bxe2 21. Kxe2 Nf5 22.
Nxf5 Rxf5 23. Raf1 Rxf1 24. Rxf1 Rc8 25. Kd2 Rc5 26. Rf5 Ra5 27. c4 Rxa3 28. cxd5 Rd3+ 29. Ke2 g6 30. Re5 Kf7 31. h6 Kf6 32. Re6+ Kg5 33.
Re7 Kxh6 34. Rxb7 Rxd5 35. Rxa7 Rb5 36. Re7 Rb2+ 37. Kf1 Rb4 38. Re5 g5 39. g4 Kg6 40.
Re6+ Kf7 41. Rh6 Kg7 42. Re6 Kf7 43. Rh6 Kg7 44. Re6 Kf7 1/2-1/2

[Event "Early-Titled-Tuesday-Blitz-February-27-2024"]
[Site "Chess.com"]
[Date "2024.02.27"]
[Round "10"]
[White "JJDAREK"]
[Black "viktorgen2021"]
[Result "0-1"]
[WhiteElo "2413"]
[BlackElo "2528"]
[TimeControl "180+1"]
[EndTime "9:53:17 PST"]
[Termination "viktorgen2021 won by resignation"]

1. d4 Nf6 2. Nf3 g6 3. Nbd2 Bg7 4. e4 d6 5. c3 O-O 6. Bd3 Bg4 7. O-O Nc6 8. h3 Bxf3 9. Nxf3 e5 10. dxe5 Nxe5 11.
Nxe5 dxe5 12. a4 Qe7 13. Re1 Rfd8 14. Qc2 Nh5 15. Bf1 Rd7 16. a5 Rad8 17. a6 b6 18. Be3 Nf4 19. g3 Ne6 20. Rad1 h5 21. Rxd7 Rxd7 22.
h4 Kh7 23. Bb5 Rd8 24. Rd1 g5 25. Rxd8 Qxd8 26. hxg5 Nxg5 27. Be2 h4 28. gxh4 Ne6 29. h5 Bh6 30. Bxh6 Kxh6 31. Qc1+ Nf4 32. Kf1 Qh4 33.
Bf3 Qh3+ 34. Ke1 Qxf3 0-1

[Event "Early-Titled-Tuesday-Blitz-February-27-2024"]
[Site "Chess.com"]
[Date "2024.02.27"]
[Round "10"]
[White "abeljusto"]
[Black "IngOscarArdila"]
[Result "0-1"]
[WhiteElo "2095"]
[BlackElo "2275"]
[TimeControl "180+1"]
[EndTime "9:53:19 PST"]
[Termination "IngOscarArdila won on time"]

1. e4 e5 2. Nf3 Nf6 3. Nxe5 d6 4. Nf3 Nxe4 5. Nc3 Nxc3 6. dxc3 Be7 7. Be3 O-O 8. Qd2 Nd7 9. O-O-O Nf6 10. h3 c5 11. g4 Qa5 12. Kb1 Be6 13. c4 Qa6 14. b3 b5 15. cxb5 Qa3 16. Qc1 Qa5 17. Bd2 Qb6 18. Ng5 Bd5 19. Rg1 h6 20. c4 Bb7 21. h4 hxg5 22. hxg5 Ne4 23. Bg2 Nxd2+ 24. Qxd2 Bxg2 25. Rxg2 d5 26. Rh2 Qg6+ 27. Kb2 Bxg5 28.
f4 Bf6+ 29. Ka3 Rfd8 30. Rdh1 Kf8 31. Qe3 Qe4 32. Qxc5+ Ke8 33. Rh8+ Kd7 34. Qc6+ Ke7 0-1

[Event "Early-Titled-Tuesday-Blitz-February-27-2024"]
[Site "Chess.com"]
[Date "2024.02.27"]
[Round "10"]
[White "NastyaHn"]
[Black "Honiex"]
[Result "0-1"]
[WhiteElo "2460"]
[BlackElo "2566"]
[TimeControl "180+1"]
[EndTime "9:53:25 PST"]
[Termination "Honiex won by resignation"]

1. Nc3 d5 2. e4 d4 3. Nce2 e5 4. Nf3 f6 5. Ng3 Be6 6. Bb5+ c6 7. Ba4 d3 8. Bb3 Bxb3 9. axb3 Na6 10. O-O Ne7 11.
Ne1 dxc2 12. Qxc2 Nb4 13. Qc4 Ng6 14. Nf5 Nf4 15. Kh1 g6 16. Ng3 h5 17. d4 h4 18.
Ne2 b5 19. Qc3 Nxe2 0-1

[Event "Early-Titled-Tuesday-Blitz-February-27-2024"]
[Site "Chess.com"]
[Date "2024.02.27"]
[Round "10"]
[White "GMJustin"]
[Black "dosto07"]
[Result "1-0"]
[WhiteElo "2363"]
[BlackElo "2477"]
[TimeControl "180+1"]
[EndTime "9:53:26 PST"]
[Termination "GMJustin won by resignation"]

1. d4 d5 2. c4 dxc4 3. e4 Nf6 4. e5 Nd5 5. Bxc4 Nb6 6. Bd3 Nc6 7. Be3 Be6 8. Nc3 Qd7 9. Nge2 Bd5 10. Nf4 e6 11. O-O Be7 12. Qg4 g6 13. Nfxd5 Nxd5 14. Nxd5 Qxd5 15. Be4 Qb5 16. Rac1 O-O 17. Qf3 Qxb2 18.
Rb1 Qxa2 19. Rxb7 Nb4 20. Rxb4 Bxb4 21. Bxa8 a5 22. Bh6 Rd8 23. Qf6 1-0

[Event "Early-Titled-Tuesday-Blitz-February-27-2024"]
[Site "Chess.com"]
[Date "2024.02.27"]
[Round "10"]
[White "kaponerde"]
[Black "dianamirza"]
[Result "0-1"]
[WhiteElo "2210"]
[BlackElo "2002"]
[TimeControl "180+1"]
[EndTime "9:53:27 PST"]
[Termination "dianamirza won by checkmate"]

1. e4 c5 2. Nf3 Nc6 3. Bb5 Qc7 4. Nc3 a6 5. Bxc6 bxc6 6. d3 d5 7. exd5 Bb7 8. dxc6 Qxc6 9. Bf4 Nf6 10. Qe2 e6 11. O-O-O Be7 12. Ne5 Qb6 13. Nc4 Qc6 14. Rhg1 a5 15. g4 Nd5 16. Nxd5 Qxd5 17. Nb6 Qxa2 18.
Nxa8 Bxa8 19. Qe5 O-O 20. g5 Rb8 21. h4 Rb4 22. h5 Bf3 23. h6 Bf8 24. hxg7 Bxg7 25.
Qe3 Qxb2+ 26. Kd2 Bc3# 0-1

[Event "Early-Titled-Tuesday-Blitz-February-27-2024"]
[Site "Chess.com"]
[Date "2024.02.27"]
[Round "10"]
[White "Aslanov_Umid"]
[Black "Rogarcia1"]
[Result "1-0"]
[WhiteElo "2663"]
[BlackElo "2504"]
[TimeControl "180+1"]
[EndTime "9:53:33 PST"]
[Termination "Aslanov_Umid won by resignation"]

1. e4 c5 2. Nf3 d6 3. d4 cxd4 4. Nxd4 Nf6 5. Nc3 a6 6. Bc4 e6 7. Bb3 Be7 8. g4 b5 9. g5 Nfd7 10. Bxe6 Nc5 11. Bxc8 Qxc8 12. f3 Qh3 13. Nf5 Nbd7 14.
Nd5 Bd8 15. Nxg7+ Kf8 16. Nf5 Qg2 17. Rf1 Bxg5 18. Bxg5 Qxg5 19. Nc7 Rd8 20. Qxd6+ Kg8 21. Ke2 Qg2+ 22. Rf2 Qg5 23. Nh6+ Kg7 24. Nf5+ Kg8 25. Nd5 h6 26. Rff1 Qg2+ 27. Rf2 Qg5 28. h4 1-0

[Event "Early-Titled-Tuesday-Blitz-February-27-2024"]
[Site "Chess.com"]
[Date "2024.02.27"]
[Round "10"]
[White "ilqar_74"]
[Black "Zavgorodniy_Sergiy"]
[Result "1-0"]
[WhiteElo "2821"]
[BlackElo "2629"]
[TimeControl "180+1"]
[EndTime "9:53:34 PST"]
[Termination "ilqar_74 won by resignation"]

1. e4 c6 2. Nf3 d5 3. Nc3 Bg4 4. h3 Bxf3 5. Qxf3 dxe4 6. Nxe4 Nd7 7. Bc4 Ne5 8. Qe2 Nxc4 9. Qxc4 Qd5 10. Qe2 e6 11. O-O Be7 12. c4 Qd7 13. Rd1 Nf6 14. d4 Nxe4 15. Qxe4 O-O 16. Be3 Rfd8 17. Rd3 Bf6 18.
Rad1 Qe7 19. b3 Rd7 20. d5 exd5 21. Qxe7 Bxe7 22. cxd5 Rad8 23. Bxa7 Rxd5 24. Rxd5 Rxd5 25. Rxd5 cxd5 26. Kf1 f5 27. Ke2 Kf7 28. Kd3 Ke6 29. Bd4 g6 30. f3 Ba3 31. Kc3 Bd6 32. a4 Kd7 33. b4 h5 34. b5 Bc7 35. Kb4 Bd6+ 36. Bc5 Bf4 37. a5 Bd2+ 38. Ka4 Be1 39. a6 bxa6 40. bxa6 Kc6 41. a7 Kb7 42. Bd4 Bg3 43.
Kb5 Bd6 44. Bf2 g5 45. a8=B+ Kxa8 46. Kc6 Bf4 47. Kxd5 g4 48. Ke6 gxh3 49. gxh3 Kb7 50. Kxf5 Bc7 51. Kg5 Kc6 52. Kxh5 Kd5 53. Kg5 Ke6 54. Kg6 1-0

[Event "Early-Titled-Tuesday-Blitz-February-27-2024"]
[Site "Chess.com"]
[Date "2024.02.27"]
[Round "10"]
[White "AttackSparrow"]
[Black "Actuary44"]
[Result "0-1"]
[WhiteElo "2637"]
[BlackElo "2545"]
[TimeControl "180+1"]
[EndTime "9:53:34 PST"]
[Termination "Actuary44 won by resignation"]

1. Nf3 d6 2. d4 g6 3. e4 Bg7 4.
c3 Nf6 5. Bd3 O-O 6. O-O Nfd7 7.
Re1 Nc6 8. h3 e5 9. Be3 h6 10.
Nbd2 f5 11. dxe5 f4 12. e6 fxe3 13. exd7 exd2 14. Qxd2 Bxd7 15. e5 Nxe5 16. Nxe5 Bxe5 17. Bxg6 Qg5 18. Qxg5 hxg5 19. Rad1 Bc6 20. Be4 Bxe4 21. Rxe4 Rf4 22. Re2 Raf8 23. g3 Rc4 24. Kg2 Kg7 25. Rd5 Kg6 26. a3 Rf7 27. Rd3 Bf6 28. Re6 Re7 29.
Rxe7 Bxe7 30. Re3 Kf7 31. Kf3 Bf6 32. Rd3 Ke6 33. Re3+ Kd7 34. Ke2 b5 35. Kd3 a5 36.
Rf3 Ke6 37. Re3+ Kf7 38. Rf3 Rc5 39. Kc2 Re5 40. Kd3 Ke6 41. Kd2 c5 42. Kd1 d5 43.
Rd3 Re4 44. Rd2 d4 45. cxd4 Rxd4 46. b3 Rxd2+ 47. Kxd2 Kd5 48. Kd3 c4+ 49. bxc4+ bxc4+ 50. Ke3 c3 51. Kd3 Kc5 52. h4 gxh4 53. gxh4 Kb5 0-1

[Event "Early-Titled-Tuesday-Blitz-February-27-2024"]
[Site "Chess.com"]
[Date "2024.02.27"]
[Round "10"]
[White "Maikrosoft63"]
[Black "Batica1984"]
[Result "0-1"]
[WhiteElo "2622"]
[BlackElo "2761"]
[TimeControl "180+1"]
[EndTime "9:53:37 PST"]
[Termination "Batica1984 won by resignation"]

1. e4 c5 2. Nf3 e6 3. b3 a6 4. Bb2 Nc6 5. d4 cxd4 6. Nxd4 Qf6 7. c3 Bc5 8. Qd2 Nge7 9. Be2 d5 10. exd5 Nxd5 11. O-O Bxd4 12. cxd4 O-O 13. Bf3 Rd8 14. Na3 b5 15. Rac1 Bb7 16. Rc5 Nce7 17. Nc2 Nf5 18. Ne3 Nh4 19. Bxd5 Bxd5 20. Nxd5 Rxd5 21. Rxd5 exd5 22. Qd3 Re8 23. Qg3 h5 24. h3 Nf5 25.
Qf4 Re4 26. Qb8+ Kh7 27. Qb7 Qe6 28. a4 bxa4 29. bxa4 Re2 30. Bc3 Nh4 31. a5 Qe4 32.
Qb1 Rc2 33. f3 Qe2 0-1